 Dungeon Crawl Stone Soup version 0.29-a0-414-g5075937ec3 (webtiles) character file.

Game seed: 12263834446580970690

1556 Demosthentine the Skirmisher (level 8, -8/71 HPs)
             Began as a Hill Orc Fighter on May 16, 2022.
             Was an Initiate of Beogh.
             Killed by divine providence
             ... invoked by an orc priest
              (16 damage)
             ... on level 6 of the Dungeon.
             The game lasted 00:04:33 (4163 turns).

Demosthentine the Skirmisher (Hill Orc Fighter)     Turns: 4163, Time: 00:04:33

Health: -8/71      AC: 13    Str: 21    XL:     8   Next: 88%
Magic:  8/8        EV: 10    Int:  8    God:    Beogh [......]
Gold:   230        SH:  5    Dex: 10    Spells: 7/7 levels left

rFire   . . .      SeeInvis .   a - +1 war axe (spect)
rCold   . . .      Faith    .   c - +0 buckler
rNeg    . . .      Spirit   .   b - +0 scale mail
rPois   .          Reflect  .   m - +0 helmet
rElec   .          Harm     .   l - +2 cloak
rCorr   .          Rampage  .   f - +0 pair of gloves
Will    .....                   (no boots)
Stlth   ..........              r - amulet of regeneration
HPRegen 1.01/turn               (no ring)
MPRegen 0.11/turn               (no ring)

@: on berserk cooldown, slowed, very slow
A: no striking features
a: Renounce Religion


You were on level 6 of the Dungeon.
You worshipped Beogh.
Beogh was noncommittal.
You visited 1 branch of the dungeon, and saw 6 of its levels.

You collected 230 gold pieces.

Inventory:

Hand Weapons
 a - a +1 spectral war axe (weapon)
Armour
 b - a +0 scale mail (worn)
 c - a +0 buckler (worn)
 f - a +0 pair of gloves (worn)
 l - a +2 cloak (worn)
 m - a +0 helmet (worn)
Jewellery
 r - an amulet of regeneration (around neck)
Wands
 k - a wand of iceblast (6)
Scrolls
 s - a scroll of fear
Potions
 d - a potion of might
 g - 2 potions of degeneration {unknown}
 h - a potion of brilliance
 i - 2 potions of mutation {unknown}
 j - a potion of curing
 n - 3 potions of lignification {unknown}
 p - a potion of haste {unknown}
 q - a potion of ambrosia {unknown}


   Skills:
 + Level 6.8 Fighting
 + Level 6.8 Axes
 + Level 6.2 Armour
 + Level 3.7 Dodging
 + Level 6.2 Shields


You had 7 spell levels left.
You didn't know any spells.
Your spell library contained the following spells:

 Spells                   Type           Power      Damage    Failure   Level
 Sandblast                Erth           0%         2d4       80%         1
 Passwall                 Tmut/Erth      0%         N/A       91%         2
 Stone Arrow              Conj/Erth      0%         3d7       99%         3
 Petrify                  Tmut/Erth      0%         N/A       100%        4
 Metabolic Englaciation   Hex/Ice        0%         N/A       100%        5
 Statue Form              Tmut/Erth      0%         N/A       100%        6


Dungeon Overview and Level Annotations

Branches:
Dungeon (6/15)
 Temple: D:4-7

Altars:
Fedhas
Sif Muna
Trog
Vehumet

Annotations:
D:6 Pikel


Message History

Unknown command.
You closely miss the orc priest.
The orc priest is lightly wounded.
The orc priest barely misses you.
Unknown command.
You barely miss the orc priest.
The orc priest is lightly wounded.
You are no longer berserk.
You are exhausted.
You feel yourself slow down.
Unknown command.
You hit the orc priest.
The orc priest is moderately wounded.
The orc priest hits you but does no damage.
The orc priest closely misses you.
You barely miss the orc priest.
The orc priest is moderately wounded.
You block the orc priest's attack.
An orc comes into view. It is wielding a +0 club.
The orc priest hits you but does no damage.
Unknown command.
You closely miss the orc priest.
The orc priest is moderately wounded.
The orc priest misses you.
The orc priest calls down the wrath of Beogh upon you.
Pain shoots through your body!
The orc priest invokes the aid of Beogh against you.
Beogh smites you!
* * * LOW HITPOINT WARNING * * *
You closely miss the orc priest.
The orc priest is moderately wounded.
The orc priest invokes the aid of Beogh against you.
Beogh smites you!
* * * LOW HITPOINT WARNING * * *
You hit the orc priest.
The orc priest is heavily wounded.
The orc priest mumbles some strange prayers to Beogh against you.
Beogh smites you!
You die...
Beogh appreciates the orc priest's killing of a heretic priest.

####..5..D.....#...#..
###!.5........#.#.#..
#............##.#.###
###..o.........#..#..#<
##....o........##.###.##
#............###..#$#..#
##..D.....####...##.##..
#.#5o#####....###...###
###ooo@....####(..#..(#
##.#####....###).†###
##. ####...##.##.. ##
###..#.#..# ##.#)#.##
#.....## ##...##.
#.).#.. #...#..


You could see an acid dragon, a lemure, 2 orc priests and 2 orcs.

Vanquished Creatures
  A hornet (D:6)
  An orc warrior (D:6)
  A black bear (D:3)
  2 ogres
  A centaur (D:6)
  2 lemures (D:6)
  A bullfrog (D:5)
  A necrophage (D:6)
  4 scorpions (D:5)
  3 hounds
  3 jellies
  7 iguanas
  A statue (D:4)
  6 gnolls
  3 adders
  A white imp (D:6)
  An ufetubus (D:4)
  4 worms
  A dart slug (D:1)
  6 orcs
  10 endoplasms
  A giant cockroach (D:4)
  8 goblins
  3 hobgoblins
  3 jackals (D:1)
  10 ball pythons
  7 bats
  2 frilled lizards
  4 kobolds
  5 rats
103 creatures vanquished.

Vanquished Creatures (others)
  3 fungi (D:4)
3 creatures vanquished.

Grand Total: 106 creatures vanquished

Notes
Turn   | Place    | Note
-------+----------+-------------------------------------------
     0 | D:1      | Demosthentine the Hill Orc Fighter began the quest for the
                  | Orb.
     0 | D:1      | Reached XP level 1. HP: 19/19 MP: 1/1
   267 | D:1      | Reached XP level 2. HP: 25/27 MP: 2/2
   447 | D:1      | Reached XP level 3. HP: 28/33 MP: 3/3
   650 | D:1      | Found a faded altar of an unknown god.
   841 | D:2      | Reached skill level 1 in Dodging
   850 | D:2      | Reached XP level 4. HP: 31/40 MP: 4/4
  1629 | D:3      | Found a blossoming altar of Fedhas.
  1653 | D:3      | Found a shimmering blue altar of Sif Muna.
  1741 | D:3      | Noticed a black bear
  1747 | D:3      | Killed a black bear
  1748 | D:3      | Reached XP level 5. HP: 46/47 MP: 5/5
  2201 | D:4      | Reached XP level 6. HP: 55/55 MP: 6/6
  2512 | D:4      | Found a radiant altar of Vehumet.
  2522 | D:4      | Reached skill level 5 in Fighting
  2883 | D:5      | Entered Level 5 of the Dungeon
  2906 | D:5      | Reached XP level 7. HP: 33/61 MP: 7/7
  2910 | D:5      | Reached skill level 5 in Axes
  3129 | D:5      | Reached skill level 5 in Armour
  3129 | D:5      | Reached skill level 5 in Shields
  3349 | D:5      | Reached XP level 8. HP: 70/70 MP: 8/8
  3563 | D:5      | Found a bloodstained altar of Trog.
  3818 | D:6      | Became a worshipper of Beogh the Brigand
  4084 | D:6      | Noticed Pikel
  4088 | D:6      | Noticed a hornet
  4110 | D:6      | Paralysed by a hornet for 3 turns
  4117 | D:6      | Paralysed by a hornet for 3 turns
  4125 | D:6      | Paralysed by a hornet for 2 turns
  4132 | D:6      | Paralysed by a hornet for 2 turns
  4138 | D:6      | Paralysed by a hornet for 2 turns
  4141 | D:6      | Killed a hornet
  4163 | D:6      | Killed from afar by an orc priest

Illustrated notes

Levels and vault maps discovered:
D:1:      tarquinn_simple_flora_water_d, layout_rooms, basic_ecumenical_altar,
          minmay_misc_feat_diagonals, chequers_mini_garden
D:2:      layout_rooms, nicolae_wormholes
D:3:      layout_rooms, mainiacjoe_overflow_swirl, chequers_decorated_corner
D:4:      layout_loops_ring, vehumet_statue, minmay_strange_pillars,
          dreamdust_gnoll_farm
D:5:      layout_rooms, mainiacjoe_overflow_cross_hatched
D:6:      minmay_general_purpose_star, layout_cave_pools, serial_shops,
          nicolae_lakefront_shop, minmay_manual_macuahuitl, uniq_pikel

Skill      XL: |  1  2  3  4  5  6  7  8 |
---------------+-------------------------+-----
Axes           | 3 4 5 6 |  6.8
Fighting       | 4 5 6 |  6.8
Dodging        | 1 2 3 |  3.7
Armour         | 4 5 6 |  6.2
Shields        | 4 5 6 |  6.2

Action                   |  1- 3 |  4- 6 |  7- 9 || total
-------------------------+-------+-------+-------++-------
Melee: War axe           |    84 |    81 |   100 ||   265
Invok: Convert to Beogh  |       |       |     1 ||     1
  Use: Scroll            |     2 |    10 |     2 ||    14
       Potion            |       |       |     5 ||     5
Armor: Scale mail        |    41 |    34 |    59 ||   134
Dodge: Dodged            |    42 |    35 |    56 ||   133
Block: Buckler           |    17 |    10 |    29 ||    56

Table legend: (Time is in decaauts)
 A = Elapsed time spent in this place.
 B = Non-inter-level travel time spent in this place.
 C = Inter-level travel time spent in this place.
 D = Time resting spent in this place.
 E = Time spent auto-exploring this place.
 F = Levels seen in this place.
 G = Mean time per level.
                   A        B        C        D        E       F      G
               +--------+--------+--------+--------+--------+-----+--------+
         Total |   4256 |   4143 |    113 |    272 |   3075 |   6 |  709.3 |
       Dungeon |   4256 |   4143 |    113 |    272 |   3075 |   6 |  709.3 |
               +--------+--------+--------+--------+--------+-----+--------+

Top non-repeatable levels by time:
     D:4: 943 daAuts
     D:5: 928 daAuts
     D:1: 769 daAuts
     D:2: 647 daAuts
     D:3: 583 daAuts
     D:6: 383 daAuts
